 Dungeon Crawl Stone Soup version bcrawl-1.39.2 (webtiles) character file.

Game seed: 12570321287853580203

384343 Artagas the Carver (level 12, 0/87 HPs)
             Began as a Vampire Archaeologist on Oct 12, 2023.
             Was a High Priest of Hepliaklqana.
             Killed from afar by a hell hound (14 damage)
             ... with a blast of flame
             ... on level 6 of the Lair of Beasts.
             The game lasted 01:12:51 (15953 turns).

Artagas the Carver (Vampire Archaeologist)         Turns: 15953, Time: 01:12:52

Health: 0/87       AC: 15    Str: 16    XL:     12   Next: 97%
Magic:  14/16      EV: 16    Int: 15    God:    Hepliaklqana [*****.]
Gold:   625        SH:  4    Dex: 14    Spells: 11/11 levels left

rFire    . . .     GDR:     32% a - +0 scimitar (flame)
rCold    . . .     SeeInvis +   (no shield)
rNeg     . . .     Gourm    .   U - +0 acid dragon scales
rPois    .         Faith    .   x - +2 hat
rElec    .         Spirit   .   u - +1 cloak
rCorr    +         Reflect  .   (no gloves)
MR       ++...                  A - +2 pair of boots
Stlth    ++++......             (no amulet)
HPRegen  0.58/turn              m - ring of protection from magic
MPRegen  0.15/turn              (no ring)

@: regenerating quickly
A: reduced essence, claws 1, fangs 3, see invisible, unbreathing
a: Bat Form, Recall Ancestor, Ancestor Identity, Transference, Incarnate,
Renounce Religion


You were on level 6 of the Lair of Beasts.
You worshipped Hepliaklqana.
Hepliaklqana was extremely pleased with you.
You were full.

You visited 3 branches of the dungeon, and saw 15 of its levels.

You collected 1145 gold pieces.
You spent 520 gold pieces at shops.

Inventory:

Hand Weapons
 a - a +0 scimitar of flaming (weapon)
   (You took it off Erica on level 8 of the Dungeon)
 b - a +0 dagger
   (You took it off a kobold on level 1 of the Dungeon)
 J - a +0 blowgun
 M - a +0 long sword
   (You took it off an orc warrior on level 6 of the Dungeon)
Missiles
 f - 9 curare-tipped needles
 H - 28 poisoned tomahawks (quivered)
 I - 114 poisoned needles
Armour
 u - a +1 cloak (worn)
   (You found it on level 2 of the Dungeon)
 x - a +2 hat (worn)
 A - a +2 pair of boots (worn)
 U - +0 acid dragon scales (worn)
   (You found it on level 2 of the Lair of Beasts)
 Y - a +0 large shield
   (You found it on level 3 of the Lair of Beasts)
 Z - a +1 plate armour of positive energy
   (You found it on level 3 of the Dungeon)
Jewellery
 m - a ring of protection from magic (left claw)
   (You took it off a kobold on level 3 of the Dungeon)
 z - a cursed ring of positive energy
   (You took it off a hobgoblin on level 2 of the Dungeon)
Wands
 i - a wand of disintegration (21)
   (You found it on level 1 of the Lair of Beasts)
 v - a wand of digging (9)
   (You found it on level 4 of the Lair of Beasts)
 y - a wand of flame (43)
   (You found it on level 3 of the Dungeon)
 L - a wand of scattershot (11)
   (You found it on level 6 of the Dungeon)
 Q - a wand of paralysis (4)
   (You acquired it on level 2 of the Dungeon)
 R - a wand of iceblast (33)
   (You found it on level 8 of the Dungeon)
 S - a wand of random effects (14)
   (You found it on level 1 of the Lair of Beasts)
 T - a wand of charming (7)
   (You found it on level 2 of the Lair of Beasts)
 V - a wand of polymorph (9)
   (You found it on level 2 of the Lair of Beasts)
Scrolls
 c - a scroll of amnesia
 g - 5 scrolls of revelation
 o - 2 scrolls of blinking {unknown}
 p - a scroll of immolation
 t - 6 scrolls of teleportation
 D - 4 scrolls of remove curse
 F - 2 scrolls of fog
 N - a scroll of enchant armour
 O - 3 scrolls of noise
 X - a scroll of vulnerability
Potions
 d - 2 potions of might
 e - a potion of degeneration
 h - 3 potions of haste
 j - 3 potions of brilliance
 k - 9 potions of curing
 l - 2 potions of lignification
 n - 3 potions of resistance
 q - 19 potions of blood {@q1}
 s - 3 potions of agility
 w - 2 potions of heal wounds
 B - a potion of cancellation
 E - a potion of invisibility
 K - 2 potions of flight
 P - a potion of mutation


   Skills:
 - Level 10.0 Fighting
 - Level 10.0(12.6) Short Blades
 - Level 12.8(14.0) Long Blades
   Level 0.7 Maces & Flails
 - Level 7.0 Armour
 - Level 8.0 Dodging
 + Level 10.6 Stealth
 - Level 3.0 Invocations
 - Level 6.0 Evocations


You had 11 spell levels left.
You didn't know any spells.
Your spell library contained the following spells:

 Spells                   Type           Power        Failure   Level  Hunger
 Apportation              Tloc           #.....       34%         1    None
 Corona                   Hex            #......      34%         1    None
 Infusion                 Chrm           #.......     34%         1    None
 Magic Dart               Conj           #...         34%         1    None
 Necrotize                Necr           #.....       34%         1    None
 Sandblast                Erth           #.....       34%         1    None
 Slow                     Hex            #.......     34%         1    None
 Summon Butterflies       Summ           #.......     34%         1    None
 Searing Ray              Conj           #.......     47%         2    ####...
 Iskenderun's Mystic Bla  Conj           #.......     71%         3    #####..
 Vampiric Draining        Necr           #.........   71%         3    #####..
 Agony                    Necr           #.......     98%         4    ######.
 Animate Dead             Necr           N/A          98%         4    ######.
 Fulminant Prism          Conj/Hex       #.........   98%         4    ######.
 Dispel Undead            Necr           #.......     100%        5    #######
 Irradiate                Conj/Tmut      #.........   100%        5    #######


Dungeon Overview and Level Annotations

Branches:
Dungeon (8/12)             Temple (1/1) D:4            Lair (6/6) D:7
 Shoals (0/3) Lair:3        Snake (0/3) Lair:2       Forest (0/3) Lair:5
    Orc: D:8-11

Altars:
Ashenzari
Cheibriados
Dithmenos
Gozag
Hepliaklqana
Kikubaaqudgha
Lugonu
Makhleb
Nemelex Xobeh
Okawaru
Qazlal
Ru
Sif Muna
Trog
Uskayaw
Vehumet
Wu Jian
Xom
Yredelemnul

Annotations:
Lair:1 Gastronok
Lair:2 exclusion: upstairs
Lair:3 1 runed door
Lair:6 3 runed translucent doors, exclusion: 2 oklob plants, Rhok's ghost, journeyman DrHu


Innate Abilities, Weirdness & Mutations

Your natural rate of healing is unusually fast.
You have sharp fingernails.
You have razor-sharp teeth.
You have supernaturally acute eyesight. (SInv)
You can survive without breathing.
Your life essence is reduced to manifest your ancestor. (-10% HP)


Message History

The komodo dragon is almost dead.
The komodo dragon bites you!
You barely miss the komodo dragon.
The komodo dragon is almost dead.
The komodo dragon closely misses you.
You slash the komodo dragon! You burn the komodo dragon.
You kill the komodo dragon!
The basilisk gazes at you. You resist with almost no effort.
You barely miss the wyvern. The wyvern misses you.
You closely miss the wyvern.
A hell hound comes into view.
The wyvern closely misses you.
The hell hound barks!
You hit the wyvern. You burn the wyvern. Your bite misses the wyvern.
The wyvern is moderately wounded.
The wyvern barely misses you.
You closely miss the wyvern.
The wyvern is moderately wounded.
The wyvern bites you.
You hit the wyvern but do no damage.
The wyvern is moderately wounded.
The wyvern bites you!
A lindwurm comes into view.
The lindwurm roars!
You hit the wyvern but do no damage.
The wyvern is moderately wounded.
The wyvern completely misses you.
You slash the wyvern! You burn the wyvern.
The wyvern is severely wounded.
The wyvern closely misses you.
You closely miss the wyvern.
The wyvern is severely wounded.
The wyvern closely misses you.
You are feeling thirsty.
You hit the wyvern. You burn the wyvern.
The wyvern is almost dead.
You block the wyvern's attack.
You slash the wyvern!
You kill the wyvern!
Yummy - fresh blood!
The hell hound bites you! The hell hound barely misses you.
Yummy - fresh blood!
The hell hound barely misses you.
Yummy - fresh blood!
The hell hound pauses to sniff the ground.
The hell hound misses you. The hell hound breathes flames at you.
The blast of flame hits you.
Yummy - fresh blood!
The hell hound completely misses you.
Yummy - fresh blood!
The hell hound barely misses you. x2
You closely miss the hell hound. Your bite misses the hell hound.
The hell hound breathes flames at you. The blast of flame hits you.
You slash the hell hound!
The hell hound is moderately wounded.
The hell hound closely misses you.
You hit the hell hound. You bite the hell hound.
The hell hound is moderately wounded.
The hell hound bites you but does no damage.
You hit the hell hound.
The hell hound is heavily wounded.
The hell hound barely misses you.
You slash the hell hound!
The hell hound is almost dead.
The hell hound barely misses you.
You hit the hell hound but do no damage.
The hell hound is almost dead.
You block the hell hound's attack.
You hit the hell hound but do no damage.
The hell hound is almost dead.
The lindwurm breathes flames at you.
The blast of flame hits the hell hound.
The hell hound completely resists.
The blast of flame misses you. The hell hound bites you!
You barely miss the hell hound.
The hell hound is almost dead.
The hell hound misses you.
You barely miss the hell hound.
The hell hound is almost dead.
The hell hound bites you but does no damage.
You miss the hell hound.
The hell hound is almost dead.
WFM Rh0k emerges from the mists of memory!
The hell hound closely misses you.
You barely miss the hell hound.
The hell hound is almost dead.
The hell hound bites you but does no damage.
The lindwurm breathes flames at you.
The blast of flame hits the hell hound.
The hell hound completely resists.
The blast of flame hits you!!
* * * LOW HITPOINT WARNING * * *
The blast of flame hits WFM Rh0k!
WFM Rh0k resists.
Select a target.
Press: ? - help, Dir - move target cursor, f - you You swap with WFM Rh0k!
The hell hound breathes flames at WFM Rh0k.
The blast of flame hits WFM Rh0k.
WFM Rh0k resists.
The blast of flame hits you!
You die...

..# ...W #.........## P.# .
#..........# #.##
#####..........## #..##
#...............#
..#.###...............# #.≈
P..###...............## 8.##
.....................# ....##
....##..............## 9....#
######..........@...# #......
## ####...........### ##.......
.###.#...........#R####........
.P###.#...........#hl†.....#
...................#k........#
.÷................####.........
...................######......
....................### #....l
#.....#...............# #8..#


You could see the friendly WFM Rh0k the battlemage, a lindwurm, a basilisk and a
hell hound.

Vanquished Creatures
  Kirke (Lair:5)
  Erica (D:8)
  3 hydras
  A queen ant (Lair:2)
  Pikel (D:3)
  3 elephants
  A black mamba (Lair:6)
  4 cane toads
  A molten gargoyle (Lair:6)
  3 rime drakes
  A dryad (D:7)
  5 komodo dragons
  3 dream sheep (Lair:6)
  2 blink frogs (Lair:5)
  Grum (Lair:4)
  2 hippogriffs
  2 wyverns (Lair:6)
  7 yaks
  A steam dragon (Lair:6)
  2 hogs (Lair:4)
  4 nagas (Lair:2)
  An acid dragon (Lair:2)
  A porcupine (Lair:2)
  4 crocodiles
  A hell hound (Lair:6)
  5 water moccasins
  7 soldier ants (Lair:2)
  2 orc warriors (D:6)
  2 phantoms (D:5)
  An ice beast (D:6)
  2 sky beasts
  4 ogres
  10 wolves
  5 bullfrogs
  2 centaurs
  A scorpion (D:2)
  3 killer bees
  A statue (D:7)
  An orc priest (D:6)
  2 crimson imps (D:6)
  A bullfrog zombie (D:4)
  2 bullfrog skeletons
  4 hounds
  2 orc wizards
  2 iguanas
  18 worker ants
  2 hound zombies (D:7)
  A howler monkey zombie (D:5)
  5 adders
  3 gnolls (D:6)
  4 oozes
  3 adder skeletons
  5 worms
  2 leopard geckos
  10 orcs
  6 giant cockroaches
  4 goblins
  11 hobgoblins
  7 jackals
  3 quokkas
  3 ball pythons
  4 bats
  6 frilled lizards
  A jackal skeleton (D:5)
  9 kobolds
  3 rats
  A snaplasher vine (D:7)
226 creatures vanquished.

Vanquished Creatures (collateral kills)
  An elephant (Lair:6)
  2 black mambas
  4 cane toads
  2 komodo dragons
  A troll (D:8)
  A blink frog (Lair:5)
  A dream sheep (Lair:6)
  2 wyverns
  A hog (Lair:4)
  2 water moccasins
  3 crocodiles
  2 porcupines
  6 soldier ants (Lair:2)
  2 ogres
  5 wolves
  2 bullfrogs
  A scorpion (D:6)
  6 killer bees
  2 hounds
  An orc wizard (D:5)
  18 worker ants
  A gnoll (D:6)
  A howler monkey skeleton (D:5)
  2 adders
  An adder skeleton (D:8)
  A leopard gecko (D:5)
  4 orcs
  A ball python (D:4)
  2 quokkas
  3 rats (D:4)
  2 snaplasher vines (D:7)
83 creatures vanquished.

Vanquished Creatures (others)
  A black mamba (Lair:6)
  A water moccasin (D:7)
  A porcupine (Lair:2)
  2 wolves (D:7)
  8 battlemagi
  7 ancestors
  An orc (D:4)
  A plant (Lair:6)
22 creatures vanquished.

Grand Total: 331 creatures vanquished

Notes
Turn   | Place    | Note
-------+----------+-------------------------------------------
     0 | D:1      | Artagas the Vampire Archaeologist began the quest for the
                  | Orb.
     0 | D:1      | Reached XP level 1. HP: 14/14 MP: 1/1
     9 | D:1      | Reached skill level 1 in Fighting
   400 | D:1      | Reached XP level 2. HP: 22/22 MP: 2/2
   416 | D:1      | Reached skill level 1 in Short Blades
   660 | D:1      | Reached skill level 2 in Fighting
   887 | D:1      | Reached XP level 3. HP: 24/27 MP: 3/3
  1083 | D:1      | Reached skill level 2 in Short Blades
  1285 | D:2      | Noticed a scorpion
  1335 | D:2      | Killed a scorpion
  1336 | D:2      | Reached skill level 3 in Fighting
  1336 | D:2      | Reached skill level 3 in Short Blades
  1336 | D:2      | Reached XP level 4. HP: 35/35 MP: 4/4
  1450 | D:2      | Found a burning altar of Makhleb.
  1452 | D:2      | Found a glowing silver altar of Zin.
  1452 | D:2      | Noticed a blizzard demon
  1452 | D:2      | Noticed an angel
  1718 | D:2      | Reached skill level 4 in Short Blades
  1791 | D:2      | Reached XP level 5. HP: 39/41 MP: 5/5
  1791 | D:2      | Identified a scroll of acquirement
  1801 | D:2      | Identified the amulet of Uskayaw's Whim {Spirit Fragile
                  | Int+3 Stlth+} (You acquired it on level 2 of the Dungeon)
  2149 | D:3      | Reached skill level 1 in Evocations
  2681 | D:4      | Noticed an ogre
  2687 | D:4      | Killed an ogre
  2688 | D:4      | Reached skill level 5 in Short Blades
  2688 | D:4      | Reached skill level 2 in Evocations
  2688 | D:4      | Reached XP level 6. HP: 47/47 MP: 7/7
  2781 | D:4      | Reached skill level 3 in Evocations
  2945 | D:4      | Found a staircase to the Ecumenical Temple.
  2954 | Temple   | Entered the Ecumenical Temple
  3194 | Temple   | Became a worshipper of Hepliaklqana the Forgotten
  3334 | D:4      | Reached skill level 6 in Short Blades
  3334 | D:4      | Reached skill level 5 in Stealth
  3585 | D:4      | Reached skill level 6 in Stealth
  3606 | D:4      | Noticed Pikel
  3606 | D:4      | Noticed a slave
  3607 | D:4      | Noticed a slave
  3621 | D:4      | Noticed a slave
  3624 | D:4      | Noticed a slave
  3699 | D:3      | Killed Pikel
  3700 | D:3      | Reached skill level 7 in Stealth
  3700 | D:3      | Reached skill level 4 in Fighting
  3700 | D:3      | Reached skill level 7 in Short Blades
  3700 | D:3      | Reached XP level 7. HP: 19/48 MP: 9/9
  3992 | D:5      | Entered Level 5 of the Dungeon
  4009 | D:5      | Reached skill level 8 in Stealth
  4109 | D:5      | Reached skill level 9 in Stealth
  4109 | D:5      | Reached XP level 8. HP: 54/54 MP: 10/10
  4212 | D:5      | Reached skill level 8 in Short Blades
  4321 | D:5      | Reached skill level 5 in Fighting
  4427 | D:5      | Reached skill level 4 in Evocations
  4523 | D:5      | Reached skill level 4 in Dodging
  4734 | D:5      | Found a glowing golden altar of the Shining One.
  4830 | D:6      | Reached skill level 9 in Short Blades
  4843 | D:6      | Reached XP level 9. HP: 22/61 MP: 12/12
  5305 | D:6      | Reached skill level 6 in Fighting
  5491 | D:6      | Found a snail-covered altar of Cheibriados.
  5504 | D:6      | Reached * piety under Hepliaklqana
  5505 | D:6      | Found a shadowy altar of Dithmenos.
  5956 | D:6      | Reached skill level 7 in Fighting
  6473 | D:7      | Reached skill level 5 in Dodging
  7003 | D:7      | Reached skill level 10 in Short Blades
  7226 | D:7      | Found a staircase to the Lair.
  7226 | D:7      | Noticed an elephant
  7229 | D:7      | Noticed a dryad
  7958 | D:7      | Reached ** piety under Hepliaklqana
  7959 | D:7      | Remembered your ancestor WFM Rh0k as a battlemage
  8196 | D:8      | Noticed Erica
  8217 | D:8      | Killed Erica
  8218 | D:8      | Reached skill level 2 in Long Blades
  8218 | D:8      | Reached skill level 2 in Armour
  8218 | D:8      | Reached XP level 10. HP: 34/72 MP: 13/13
  8350 | D:8      | Reached skill level 3 in Long Blades
  8372 | D:8      | Found Efurphiy's Distillery.
  8384 | D:8      | Reached skill level 8 in Fighting
  8545 | D:8      | Bought a potion of heal wounds for 80 gold pieces
  8545 | D:8      | Bought a potion of haste for 160 gold pieces
  8545 | D:8      | Bought a potion of haste for 160 gold pieces
  8545 | D:8      | Bought a potion of curing for 40 gold pieces
  8545 | D:8      | Bought a potion of curing for 40 gold pieces
  8545 | D:8      | Bought a potion of curing for 40 gold pieces
  9137 | D:7      | Reached skill level 4 in Long Blades
  9137 | D:7      | Reached skill level 3 in Armour
  9174 | Lair:1   | Entered Level 1 of the Lair of Beasts
  9191 | Lair:1   | Noticed a cane toad
  9224 | D:7      | Reached skill level 5 in Long Blades
  9351 | D:7      | Killed a cane toad
  9352 | D:7      | Reached skill level 6 in Long Blades
  9352 | D:7      | Reached skill level 4 in Armour
  9634 | Lair:1   | Noticed Gastronok
  9704 | Lair:1   | Noticed a cane toad
  9713 | Lair:1   | Killed a cane toad
  9714 | Lair:1   | Reached skill level 5 in Armour
  9723 | Lair:1   | Reached skill level 7 in Long Blades
  9854 | Lair:1   | Reached skill level 8 in Long Blades
 10359 | Lair:2   | Reached XP level 11. HP: 63/77 MP: 14/14
 10417 | Lair:2   | Reached skill level 6 in Armour
 10440 | Lair:2   | Reached skill level 9 in Long Blades
 11023 | Lair:2   | Reached skill level 10 in Long Blades
 11349 | Lair:2   | Noticed a queen ant
 11416 | Lair:2   | Reached skill level 11 in Long Blades
 11435 | Lair:2   | Killed a queen ant
 11642 | Lair:2   | Found a staircase to the Snake Pit.
 11665 | Lair:2   | Noticed a four-headed hydra
 11677 | Lair:2   | Killed a one-headed hydra
 11678 | Lair:2   | Reached skill level 12 in Long Blades
 11894 | Lair:2   | Reached *** piety under Hepliaklqana
 12566 | Lair:3   | Noticed a five-headed hydra
 12576 | Lair:3   | Killed a one-headed hydra
 13093 | Lair:3   | Reached **** piety under Hepliaklqana
 13118 | Lair:3   | Noticed a harpy
 13118 | Lair:3   | Noticed a harpy
 13177 | Lair:3   | Noticed a harpy
 13178 | Lair:3   | Found a staircase to the Shoals.
 13183 | Lair:3   | Found a runed door.
 13342 | Lair:3   | Reached XP level 12. HP: 82/84 MP: 15/15
 13568 | Lair:4   | Reached skill level 7 in Armour
 13639 | Lair:4   | Reached skill level 9 in Fighting
 13693 | Lair:4   | Noticed a seven-headed hydra
 13703 | Lair:4   | Killed a two-headed hydra
 13704 | Lair:4   | Reached skill level 6 in Dodging
 13967 | Lair:4   | Noticed Grum
 13975 | Lair:4   | Killed Grum
 13984 | Lair:4   | Reached skill level 7 in Dodging
 14731 | Lair:5   | Found a staircase to the Spriggan Forest.
 14743 | Lair:5   | Noticed Kirke
 14825 | Lair:5   | Noticed a sphinx
 14829 | Lair:5   | Killed Kirke
 14830 | Lair:5   | Reached skill level 8 in Dodging
 14830 | Lair:5   | Reached skill level 3 in Invocations
 15201 | Lair:6   | Entered Level 6 of the Lair of Beasts
 15249 | Lair:6   | Found a runed translucent gate.
 15249 | Lair:6   | Found a runed translucent gate.
 15261 | Lair:6   | Found a runed translucent gate.
 15409 | Lair:6   | Reached skill level 10 in Fighting
 15448 | Lair:6   | Noticed Rhok's ghost (journeyman DrHu)
 15456 | Lair:6   | Reached ***** piety under Hepliaklqana
 15705 | Lair:6   | Reached skill level 5 in Evocations
 15834 | Lair:6   | Reached skill level 6 in Evocations
 15907 | Lair:6   | Reached skill level 10 in Stealth
 15952 | Lair:6   | HP: 13/87 [lindwurm/blast of flame (27)]
 15953 | Lair:6   | Killed from afar by a hell hound

Skill      XL: |  1  2  3  4  5  6  7  8  9 10 11 12 |
---------------+-------------------------------------+-----
Fighting       | 1 2 3 4 5 7 8 10 | 10.0
Short Blades   | 1 3 4 5 7 9 10 | 10.0
Evocations     | 2 3 4 6 |  6.0
Stealth        | 7 9 10 | 10.6
Dodging        | 4 5 8 |  8.0
Long Blades    | 2 8 12 | 12.8
Armour         | 2 5 6 7 |  7.0
Invocations    | 3 |  3.0
Maces & Flails | |  0.7

Action                   |  1- 3 |  4- 6 |  7- 9 | 10-12 || total
-------------------------+-------+-------+-------+-------++-------
Melee: Dagger            |    95 |   301 |   379 |    11 ||   786
       Whip              |    16 |       |       |       ||    16
       Bite              |    11 |    48 |    49 |    63 ||   171
       Long sword        |       |       |    31 |       ||    31
       Scimitar          |       |       |       |   537 ||   537
 Fire: Blowgun           |     1 |     2 |     4 |       ||     7
Throw: Tomahawk          |       |       |    18 |    16 ||    34
       Throwing net      |       |       |       |     1 ||     1
Invok: Ancestor Identity |       |     1 |     1 |       ||     2
       Recall Ancestor   |       |       |     3 |     8 ||    11
       Ancestor Life: Ba |       |       |     1 |       ||     1
       Transference      |       |       |       |     3 ||     3
Evoke: Wand              |       |     2 |    16 |     5 ||    23
  Use: Potion            |     7 |     8 |    18 |    30 ||    63
       Scroll            |     1 |     3 |     7 |    13 ||    24
 Stab: Sleeping          |    12 |    10 |    13 |    14 ||    49
       Paralysed         |       |     1 |     5 |       ||     6
       Distracted        |       |       |     3 |    13 ||    16
Armor: Robe              |    23 |    61 |    87 |    36 ||   207
       Plate armour      |       |       |       |   207 ||   207
       Acid dragon scale |       |       |       |    59 ||    59
Dodge: Dodged            |    49 |   146 |   216 |   297 ||   708
Block: Other             |       |       |     2 |    68 ||    70

Levels and vault maps discovered:
D:1:      minmay_arrival_up_and_down, layout_basic
D:2:      layout_rooms, grunt_temple_overflow_order_and_chaos_2
D:3:      cheibrodos_old_hovel, layout_basic, chequers_serial_rivers_large_b
D:4:      layout_basic, temple_fountains, portal_sewer_entry_c, first_ration,
          uniq_pikel
D:5:      layout_rooms, kennysheep_mini
D:6:      layout_loops_ring, amethyst_overflow_temple_binary,
          chequers_big_river, hangedman_abyss_or_decor_passed
D:7:      layout_cave_pools, bhauth_dryad_lair, grunt_ogre_cave
D:8:      layout_cave_pools, serial_shops, shop, minmay_tree_intersection,
          uniq_erica
Temple:   hc_temple_tempest_star
Lair:1:   layout_cave_shapes, uniq_gastronok
Lair:2:   layout_gridlike, minmay_snake_entry_guardpost_small, zaba_anthell
Lair:3:   statuecave_lemuel, layout_regular_city,
          bhauth_shoals_entry_angry_harpies, grunt_megastairs_1
Lair:4:   layout_misc_corridors, grunt_megastairs_5, uniq_grum
Lair:5:   layout_misc_corridors, dummy_forest_entry, uniq_kirke
Lair:6:   cheibrodos_lair_end_hotspot, layout_regular_city,
          ebering_ghost_rock_garden, minmay_lair_oklob_chamber

Table legend:
 A = Turns spent in this place as a percentage of turns spent in the entire game.
 B = Non-inter-level travel turns spent in this place as a percentage of non-inter-level travel turns spent in the entire game.
 C = Inter-level travel turns spent in this place as a percentage of turns spent in this place.
 D = Turns resting spent in this place as a percentage of non-inter-level travel turns spent in this place.
 E = Turns spent auto-exploring this place as a percentage of non-inter-level travel turns spent in this place.
 F = Non-inter-level travel turns spent in this place divided by the number of levels of this place that you've seen.
                   A       B       C       D       E      F
               +-------+-------+-------+-------+-------+----------------------
         Total | 100.0 | 100.0 |   2.7 |  20.3 |  52.4 | 1034.5
       Dungeon |  57.0 |  56.7 |   3.3 |  20.5 |  48.3 | 1100.4
        Temple |   1.7 |   1.3 |  22.0 |   0.0 |  79.9 | 209.0
          Lair |  41.3 |  41.9 |   1.2 |  20.7 |  56.9 | 1084.3
               +-------+-------+-------+-------+-------+----------------------

Table legend:
 A = Kills in this place as a percentage of kills in entire the game.
 B = Kills by you in this place as a percentage of kills by you in the entire game.
 C = Kills by friends in this place as a percentage of kills by friends in the entire game.
 D = Other kills in this place as a percentage of other kills in the entire game.
 E = Experience gained in this place as a percentage of experience gained in the entire game.
 F = Experience gained in this place divided by the number of levels of this place that you have seen.
                   A       B       C       D       E      F
               +-------+-------+-------+-------+-------+----------------------
         Total | 100.0 | 100.0 | 100.0 | 100.0 | 100.0 | 2513.9
       Dungeon |  56.6 |  62.8 |  38.8 |  66.7 |  21.4 | 1007.2
          Lair |  43.4 |  37.2 |  61.2 |  33.3 |  78.6 | 4941.7
               +-------+-------+-------+-------+-------+----------------------
